[Event "ICC Open 2015"]
[Site "Internet Chess Club"]
[Date "2015.05.29"]
[Round "6"]
[White "Nemesis23"]
[Black "Sherlocked"]
[Result "1-0"]
[ICCResult "Black forfeits on time"]
[WhiteElo "1756"]
[BlackElo "1935"]
[Opening "King's pawn opening"]
[ECO "B07"]
[NIC "VO.17"]
[Time "15:02:31"]
[TimeControl "180+0"]

1. e4 d6 2. Bc4 e6 3. Bb3 d5 4. e5 c5 5. c3 Nc6 6. d4 Nge7 7. Nf3 cxd4 8.
cxd4 Bd7 9. Bg5 Qb6 10. Bxe7 Bxe7 11. O-O Rc8 12. Nc3 O-O 13. Rb1 a6 14. a3
Na7 15. Bc2 Nb5 16. Nxb5 Bxb5 17. Re1 a5 18. h4 h6 19. Rc1 Rc7 20. Bb1 Rfc8
21. Rxc7 Qxc7 22. Qd2 b6 23. g4 Qd8 24. g5 hxg5 25. Nxg5 g6 26. f4 Kg7 27.
Qg2 Qe8 28. h5 Bxg5 29. Qxg5 Qd8 30. Qg3 Rc7 31. hxg6 f6 32. Qh3 Qg8 33.
exf6+ Kxf6 34. Qh4+ Kg7 35. Rxe6 {Black forfeits on time} 1-0

[Event "ICC Open 2015"]
[Site "Internet Chess Club"]
[Date "2015.05.29"]
[Round "6"]
[White "Govindan"]
[Black "SirHarmony"]
[Result "1-0"]
[ICCResult "Black forfeits on time"]
[WhiteElo "1566"]
[BlackElo "1484"]
[Opening "QP counter-gambit (elephant gambit)"]
[ECO "C40"]
[NIC "KP.10"]
[Time "15:01:56"]
[TimeControl "180+0"]

1. e4 e5 2. Nf3 d5 3. exd5 e4 4. Nd4 Qxd5 5. Nb3 Bd6 6. Nc3 Qe5 7. Be2 Nf6
8. h3 Nc6 9. d3 Bf5 10. d4 Qe7 11. O-O O-O-O 12. Bg5 h6 13. Bh4 g5 14. Bg3
h5 15. Bxd6 Qxd6 16. Qd2 g4 17. h4 Nxd4 18. Nxd4 Qxd4 19. Qg5 Qe5 20. Bc4
Rdg8 21. Qe3 g3 22. f3 Kb8 23. Bxf7 Rg7 24. Bc4 Bg4 25. Rae1 Bf5 26. Nb5 b6
27. Qa3 a5 28. b4 Qe7 29. c3 e3 30. Qb3 Ng4 31. fxg4 Qxh4 32. Rf4 Qh2+ 33.
Kf1 Qh1+ 34. Ke2 {Black forfeits on time} 1-0

[Event "ICC Open 2015"]
[Site "Internet Chess Club"]
[Date "2015.05.29"]
[Round "6"]
[White "muhit"]
[Black "MythBulletChess"]
[Result "1-0"]
[ICCResult "Black forfeits on time"]
[WhiteElo "2046"]
[BlackElo "1571"]
[Opening "QGD Slav defense"]
[ECO "D13"]
[NIC "SL.01"]
[Time "15:02:21"]
[TimeControl "180+0"]

1. d4 d5 2. c4 c6 3. Nc3 Nf6 4. cxd5 cxd5 5. Nf3 Nc6 6. e3 e6 7. Bb5 Bd6 8.
Qa4 Bd7 9. O-O a6 10. Bxc6 Bxc6 11. Qc2 Qc7 12. a3 b5 13. b4 O-O 14. Bb2
Rfc8 15. Rfc1 a5 16. Qb3 a4 17. Qd1 Qe7 18. Ne5 Bxe5 19. dxe5 Ne4 20. Nxe4
dxe4 21. Rc2 Bd5 22. Rac1 Rxc2 23. Qxc2 h6 24. Qc7 Kf8 25. Qb6 Qb7 26. Qd6+
Qe7 27. Rc7 Qxd6 28. exd6 f6 29. Bd4 e5 30. Bc5 Rd8 31. h4 Ke8 32. Rxg7 Rd7
33. Rg6 h5 34. Rxf6 Rf7 35. d7+ Kxd7 36. Rxf7+ Bxf7 37. Kh2 Ke6 38. Kg3 Kf5
39. f3 exf3 40. gxf3 Bd5 41. e4+ Ke6 42. exd5+ Kxd5 43. Kf2 Kc4 44. Ke3 Kb3
45. Kd3 Kxa3 46. Kc3 {Black forfeits on time} 1-0

[Event "ICC Open 2015"]
[Site "Internet Chess Club"]
[Date "2015.05.29"]
[Round "6"]
[White "Shadeath"]
[Black "Vegita"]
[Result "1-0"]
[ICCResult "Black resigns"]
[WhiteElo "2987"]
[BlackElo "2328"]
[Opening "Sicilian: Alapin's variation (2.c3)"]
[ECO "B22"]
[NIC "SI.46"]
[Time "15:02:14"]
[TimeControl "180+0"]

1. e4 c5 2. c3 d5 3. exd5 Qxd5 4. Na3 Nf6 5. Nf3 e6 6. Bc4 Qd8 7. Nc2 Nc6 8.
d4 Be7 9. O-O O-O 10. Qe2 a6 11. a4 b6 12. Bf4 Bb7 13. Rad1 Qc8 14. dxc5
Bxc5 15. Bd3 Rd8 16. Bg5 Be7 17. Rfe1 Qc7 18. Bh4 h6 19. Ncd4 Nxd4 20. Nxd4
Nh7 21. Bg3 Bd6 22. Be4 Bxg3 23. hxg3 Nf8 24. Qf3 Bxe4 25. Qxe4 Rd5 26. Nf3
Rad8 27. Rxd5 Rxd5 28. c4 Rd6 29. b3 Ng6 30. Qc2 Qd8 31. b4 Qc7 32. c5 bxc5
33. bxc5 Rd8 34. Rc1 Rc8 35. Qc4 a5 36. Nd4 Ne5 37. Qe2 Nc6 38. Nb5 Qd7 39.
Rd1 Qe7 40. Rd6 Nb4 41. Qc4 Qf6 42. c6 Qa1+ 43. Kh2 Qe5 44. c7 Kh7 45. Rd8
Rxc7 46. Nxc7 Nd5 47. Nxd5 Qh5+ 48. Qh4 Qd1 49. Nf6+ {Black resigns} 1-0

[Event "ICC Open 2015"]
[Site "Internet Chess Club"]
[Date "2015.05.29"]
[Round "6"]
[White "ChessNakas"]
[Black "Cinzento"]
[Result "1-0"]
[ICCResult "Black forfeits on time"]
[WhiteElo "2148"]
[BlackElo "1714"]
[Opening "Sicilian: closed, 2...Nc6"]
[ECO "B23"]
[NIC "SI.44"]
[Time "15:01:45"]
[TimeControl "180+0"]

1. e4 c5 2. Nc3 Nc6 3. Bb5 d6 4. Bxc6+ bxc6 5. f4 Nf6 6. d3 Bg4 7. Nf3 g6 8.
O-O Bg7 9. Qe1 O-O 10. Qh4 Bxf3 11. Rxf3 e6 12. f5 exf5 13. exf5 Nd5 14. Bg5
Bf6 15. fxg6 fxg6 16. Raf1 Bd4+ 17. Kh1 Rxf3 18. Rxf3 Qd7 19. Nxd5 cxd5 20.
Bf6 Rf8 21. Bxd4 Rxf3 22. gxf3 cxd4 23. Qxd4 Qf7 24. Kg2 Kf8 25. Kg3 Kg8 26.
Qf4 Qe6 27. Qd4 Qe1+ 28. Kg4 Qe6+ 29. Kg3 Qe1+ 30. Qf2 Qe5+ 31. Kg2 Qg5+ 32.
Kh3 Qf5+ 33. Kg2 Qg5+ 34. Qg3 Qd2+ 35. Kh3 Qb4 36. c3 Qb6 37. d4 Qc7 38. Qg4
Qe7 39. Kg3 Qe1+ 40. Kh3 Qf1+ 41. Qg2 Qd3 42. Qg3 Qe2 43. Qg2 Qe6+ 44. Kg3
{Black forfeits on time}
1-0

[Event "ICC Open 2015"]
[Site "Internet Chess Club"]
[Date "2015.05.29"]
[Round "6"]
[White "AMKE"]
[Black "karodash"]
[Result "1-0"]
[ICCResult "Black forfeits on time"]
[WhiteElo "1569"]
[BlackElo "1563"]
[Opening "Scandinavian defense"]
[ECO "B01"]
[NIC "SD.03"]
[Time "15:01:59"]
[TimeControl "180+0"]

1. e4 d5 2. exd5 Nf6 3. Bb5+ Bd7 4. Be2 Nxd5 5. d4 g6 6. c4 Nb6 7. Nc3 Bg7
8. Nf3 O-O 9. O-O Bg4 10. Be3 Nc6 11. d5 Bxf3 12. Bxf3 Ne5 13. c5 Nbc4 14.
Be2 Nxb2 15. Qc2 Nbc4 16. Bf4 c6 17. dxc6 bxc6 18. Qb3 Rb8 19. Qa4 Qa5 20.
Qb3 Rxb3 21. axb3 Qxc3 22. bxc4 Nxc4 23. Rac1 Qf6 24. Rxc4 e5 25. Be3 Ra8
26. Rfc1 a5 27. Ra4 e4 28. Rb1 Qc3 29. Rd1 Qc2 30. Rxa5 Rxa5 31. Rd8+ Bf8
32. Bh6 Ra1+ 33. Bf1 Rxf1+ 34. Kxf1 {Black forfeits on time} 1-0

[Event "ICC Open 2015"]
[Site "Internet Chess Club"]
[Date "2015.05.29"]
[Round "6"]
[White "maki89"]
[Black "MassCarnage"]
[Result "1/2-1/2"]
[ICCResult "Game drawn by repetition"]
[WhiteElo "2354"]
[BlackElo "2030"]
[Opening "Polish defense"]
[ECO "A40"]
[NIC "QO.17"]
[Time "15:01:50"]
[TimeControl "180+0"]

1. d4 b5 2. e4 a6 3. a4 b4 4. Bd3 Bb7 5. Ne2 Nf6 6. Nd2 e6 7. O-O d6 8. f4
c5 9. dxc5 dxc5 10. e5 Nd5 11. Nc4 Nc6 12. Ng3 g6 13. Ne4 Be7 14. Ncd6+ Bxd6
15. Nxd6+ Kf8 16. Nxb7 Qb6 17. Nd6 c4+ 18. Kh1 cxd3 19. Qxd3 Kg7 20. c4 bxc3
21. bxc3 Rhd8 22. Rb1 Qa5 23. Nb7 Qxc3 24. Qxc3 Nxc3 25. Nxd8 Rxd8 26. Rb6
Nd4 27. Bb2 Nxa4 28. Bxd4 Rxd4 29. Rxa6 Nc3 30. Ra7 Nd5 31. g3 h5 32. Rb1
Ne3 33. Kg1 Rd2 34. Rb3 Rg2+ 35. Kh1 Re2 36. h3 g5 37. Rbb7 gxf4 38. Rxf7+
Kg6 39. Rf6+ Kg5 40. Rxf4 Nf5 41. Rxf5+ Kxf5 42. Rh7 Kg6 43. Re7 Rxe5 44.
Kg2 Kf6 45. Rh7 Ra5 46. h4 Ra2+ 47. Kf3 Ra5 48. Rh6+ Kf7 49. Kf4 Rf5+ 50.
Ke4 Rd5 51. Kf4 Rf5+ 52. Ke4 Rd5 53. Rh7+ Kf6 54. Rh6+ Kf7 55. Rh7+ Kf6 56.
Rh6+ Kf7 57. Rh7+ Kf6 {Game drawn by repetition} 1/2-1/2

[Event "ICC Open 2015"]
[Site "Internet Chess Club"]
[Date "2015.05.29"]
[Round "6"]
[White "Kempka"]
[Black "NFork"]
[Result "1-0"]
[ICCResult "Black forfeits on time"]
[WhiteElo "2754"]
[BlackElo "2165"]
[Opening "Queen's gambit accepted"]
[ECO "D20"]
[NIC "QG.03"]
[Time "15:02:00"]
[TimeControl "180+0"]

1. d4 d5 2. c4 dxc4 3. e3 Nf6 4. Bxc4 a6 5. Qe2 b5 6. Bd3 e6 7. Nf3 Bb7 8.
O-O c5 9. dxc5 Nc6 10. Rd1 Qc7 11. a4 b4 12. Nbd2 Bxc5 13. Ne4 Be7 14. Bd2
Nxe4 15. Bxe4 O-O 16. Rac1 Rfc8 17. Nd4 Qd7 18. Nxc6 Bxc6 19. Bxb4 Bd5 20.
Rxc8+ Rxc8 21. Bxe7 Qxe7 22. Bxd5 exd5 23. Qxa6 Qc5 24. h3 h6 25. Rxd5 Qc1+
26. Kh2 Rc2 27. Rd8+ Kh7 28. Qd3+ g6 29. Qd4 g5 30. Rh8+ Kg6 31. Rg8+ Kf5
32. Qd5+ Kf6 33. Qd4+ Ke7 34. Qe5+ Kd7 35. Qd5+ Kc7 36. Qxf7+ Kb6 37. Rg6+
Ka5 38. Qa7+ Kb4 39. Rb6+ Kc4 40. Rc6+ Kb3 41. Qf7+ Kxb2 42. Rxc2+ Qxc2 43.
Qf6+ Ka3 44. a5 Qc7+ 45. f4 Qxa5 46. Qxh6 Qc7 47. Qxg5 Qd7 48. Qe5 Qd2 49.
f5 {Black forfeits on time} 1-0

[Event "ICC Open 2015"]
[Site "Internet Chess Club"]
[Date "2015.05.29"]
[Round "6"]
[White "nevidimka"]
[Black "Sebs"]
[Result "0-1"]
[ICCResult "White checkmated"]
[WhiteElo "2024"]
[BlackElo "2925"]
[Opening "Trompowsky attack (Ruth, Opocenský opening)"]
[ECO "A45"]
[NIC "QP.07"]
[Time "15:02:22"]
[TimeControl "180+0"]

1. d4 Nf6 2. Bg5 Ne4 3. h4 d5 4. Nd2 Nc6 5. Ngf3 f6 6. Bf4 Bg4 7. Bh2 e5 8.
dxe5 Qe7 9. exf6 Qxf6 10. c3 O-O-O 11. e3 Bc5 12. Be2 Rhf8 13. Bf4 Nxf2 14.
Kxf2 Qxf4 15. Nf1 Ne5 16. Qc1 Nxf3 17. gxf3 Bxf3 18. Rh2 Rde8 19. Ke1 Bxe3
20. Qc2 Bxe2 21. Qxe2 Bf2+ 22. Kd1 Rxe2 23. Kxe2 Qe4+ 24. Kd2 Qf4+ 25. Kc2
Bxh4 26. Re2 Bf6 27. Nd2 c6 28. Rae1 h5 29. Rf1 Qh6 30. Ref2 h4 31. Nf3 h3
32. Nh2 Qh7+ 33. Kb3 Qe4 34. Rf4 Qd3 35. R1f3 Qd1+ 36. Ka3 Be7+ 37. b4 Rxf4
38. Rxf4 Qc1+ 39. Kb3 Qxf4 40. Nf1 Qxf1 41. b5 c5 42. b6 c4+ 43. Kc2 Qe2+
44. Kc1 Ba3+ 45. Kb1 Qb2# {White checkmated} 0-1

[Event "ICC Open 2015"]
[Site "Internet Chess Club"]
[Date "2015.05.29"]
[Round "6"]
[White "Ramanip15"]
[Black "Merula"]
[Result "0-1"]
[ICCResult "White checkmated"]
[WhiteElo "1928"]
[BlackElo "2206"]
[Opening "Tennison (Lemberg, Zukertort) gambit"]
[ECO "B01"]
[NIC "VO.17"]
[Time "15:02:24"]
[TimeControl "180+0"]

1. e4 d5 2. Nf3 dxe4 3. Ng5 Bf5 4. Nc3 e6 5. Ngxe4 Nd7 6. d4 c6 7. Bf4 Nb6
8. Ng3 Bg6 9. h4 h6 10. h5 Bh7 11. Bd3 Bxd3 12. Qxd3 Nf6 13. O-O-O Bd6 14.
Bxd6 Qxd6 15. Nge4 Qe7 16. Kb1 O-O-O 17. Rhe1 Kb8 18. Nxf6 Qxf6 19. Ne4 Qf5
20. Ng3 Qxd3 21. Rxd3 Rd5 22. c3 Rhd8 23. Rf3 R8d7 24. Ne4 Rxh5 25. Nc5 Re7
26. a4 Kc7 27. Rg3 g6 28. Ne4 Nxa4 29. Nf6 Rh4 30. Re5 Nb6 31. Ng8 Rd7 32.
Nf6 Rd8 33. Rf3 Nd7 34. Ree3 Rh2 35. g4 Rg2 36. Re4 Nxf6 37. Rxf6 Rd7 38.
Ref4 Kb6 39. Rxf7 Rxf7 40. Rxf7 Rxg4 41. Rf6 h5 42. Rxe6 h4 43. Re3 g5 44.
Kc2 Rf4 45. f3 h3 46. Kb3 Kc7 47. Re7+ Kd6 48. Rh7 Rxf3 49. Rh6+ Ke7 50. Kc4
g4 51. Rh7+ Kf6 52. Rxb7 h2 53. Rb8 h1=Q 54. Rf8+ Kg7 55. Rd8 Qf1+ 56. Kc5
Qb5+ 57. Kd6 Rf6+ 58. Kc7 Qb6+ 59. Kc8 Rf8 60. Rxf8 Kxf8 61. b4 Ke7 62. d5
cxd5 63. c4 Kd6 64. b5 Qc7# {White checkmated} 0-1

[Event "ICC Open 2015"]
[Site "Internet Chess Club"]
[Date "2015.05.29"]
[Round "6"]
[White "JCarllsen"]
[Black "editm"]
[Result "0-1"]
[ICCResult "White checkmated"]
[WhiteElo "1798"]
[BlackElo "1832"]
[Opening "Caro-Kann: two knights, 3...Bg4"]
[ECO "B10"]
[NIC "CK.01"]
[Time "15:02:25"]
[TimeControl "180+0"]

1. e4 c6 2. Nf3 d5 3. Nc3 Bg4 4. h3 Bxf3 5. Qxf3 e6 6. d3 Nd7 7. Be2 Bc5 8.
O-O Ne7 9. Qg3 O-O 10. b3 f5 11. Kh1 Bd4 12. Bb2 Be5 13. Qh4 Ng6 14. Qxd8
Raxd8 15. exd5 cxd5 16. Na4 Bxb2 17. Nxb2 e5 18. c4 Nf6 19. Bf3 e4 20. dxe4
dxe4 21. Bd1 Rd2 22. Na4 Nf4 23. Nc5 b6 24. Na4 Rfd8 25. b4 Nd3 26. Kg1 Nxb4
27. Bb3 Kf8 28. c5 bxc5 29. Nxc5 Ke7 30. Rac1 Nd3 31. Rc4 Nxc5 32. Rxc5 g6
33. Rc7+ R8d7 34. Rfc1 Ne8 35. Rc8 Nd6 36. Rh8 Kf6 37. h4 h5 38. Rc6 Ke5 39.
g3 Rd4 40. Rg8 Nb5 41. Rgxg6 R4d6 42. Rcxd6 Rxd6 43. Rg5 Rc6 44. Rxh5 Rc1+
45. Kg2 Nd4 46. Rh7 Nf3 47. g4 Rg1+ 48. Kh3 fxg4# {White checkmated} 0-1

[Event "ICC Open 2015"]
[Site "Internet Chess Club"]
[Date "2015.05.29"]
[Round "6"]
[White "iragefree"]
[Black "ghorok"]
[Result "1-0"]
[ICCResult "Black forfeits on time"]
[WhiteElo "1848"]
[BlackElo "1526"]
[Opening "QGD: Charousek (Petrosian) variation"]
[ECO "D31"]
[NIC "QO.17"]
[Time "15:02:08"]
[TimeControl "180+0"]

1. d4 e6 2. c4 d5 3. Nc3 Be7 4. Nf3 Nf6 5. Bg5 O-O 6. cxd5 exd5 7. e3 h6 8.
Bf4 Bf5 9. Bd3 Bxd3 10. Qxd3 Nbd7 11. O-O Re8 12. Rab1 Nf8 13. b4 Ng6 14.
Bg3 Bd6 15. b5 Bxg3 16. hxg3 Ne4 17. Rfc1 a6 18. a4 Qd7 19. Nd2 Nxd2 20.
Qxd2 Ne7 21. Qc2 axb5 22. axb5 c6 23. bxc6 bxc6 24. Na4 Rab8 25. Nc5 Qd6 26.
Nd3 f6 27. Rxb8 Rxb8 28. Qc5 Qxc5 29. Rxc5 Rb1+ 30. Kh2 Kf7 31. Rc2 Ke6 32.
Nc5+ Kd6 33. g4 Nc8 34. Kg3 Nb6 35. Nb7+ Kd7 36. Na5 Ra1 37. Nxc6 Nc4 38.
Nb4 Kd6 39. Nd3 Ra8 40. Nc5 Re8 41. Kf3 g6 42. Ke2 f5 43. gxf5 gxf5 44. Kf3
Rg8 45. g3 h5 46. Ra2 Rh8 47. Ra6+ Kc7 48. Rf6 h4 49. gxh4 Rxh4 50. Rxf5
Rh3+ 51. Ke2 Rh2 52. Rxd5 Rh6 53. Rd7+ Kc8 54. Rg7 Rf6 55. Kd3 Nd6 56. f4
Nf5 57. Rg8+ Kc7 58. e4 Nh4 59. f5 Nf3 60. Ne6+ Kd7 61. Rd8+ Ke7 62. d5
{Black forfeits on time}
1-0

[Event "ICC Open 2015"]
[Site "Internet Chess Club"]
[Date "2015.05.29"]
[Round "6"]
[White "talaatabdin"]
[Black "Blondicheck"]
[Result "0-1"]
[ICCResult "White forfeits on time"]
[WhiteElo "1351"]
[BlackElo "1524"]
[Opening "Danish gambit"]
[ECO "C21"]
[NIC "KP.04"]
[Time "15:02:03"]
[TimeControl "180+0"]

1. e4 e5 2. d4 exd4 3. c3 dxc3 4. Bc4 cxb2 5. Bxb2 Bb4+ 6. Nd2 Qe7 7. Bxg7
Qxe4+ 8. Qe2 Bxd2+ 9. Kxd2 Qxe2+ 10. Nxe2 Nc6 11. Bxh8 Nge7 12. Rhe1 d5 13.
Bb3 Be6 14. Bf6 O-O-O 15. Nd4 Nxd4 16. Bxd4 Nf5 17. Bf6 Rd7 18. Rac1 b6 19.
Ba4 Rd6 20. Be5 Kd8 21. Bxd6 Nxd6 22. f3 Nc4+ 23. Kc3 a6 24. Bb3 b5 25. Bxc4
dxc4 26. Kd4 Kd7 27. g3 Kd6 28. f4 c5+ 29. Ke3 b4 30. Red1+ Kc6 31. Ke4 a5
32. Ke5 a4 33. Rd6+ Kb5 34. f5 Bc8 35. Rd8 Bb7 36. Rb8 Kb6 37. Rxc4 Kc7 38.
Rf8 b3 39. axb3 axb3 40. Rxc5+ Kb6 41. Rc3 b2 42. Rb3+ Ka6 43. Rxb2 Bf3 44.
Rxf7 h5 45. Rf6+ Ka5 {White forfeits on time} 0-1

[Event "ICC Open 2015"]
[Site "Internet Chess Club"]
[Date "2015.05.29"]
[Round "6"]
[White "RaiseTheCurve"]
[Black "ForkNPin"]
[Result "1/2-1/2"]
[ICCResult "White stalemated"]
[WhiteElo "1958"]
[BlackElo "1620"]
[Opening "Van't Kruijs opening"]
[ECO "A00"]
[Time "15:02:22"]
[TimeControl "180+0"]

1. e3 e5 2. b3 f5 3. Bb2 d6 4. f4 Nd7 5. c4 Ngf6 6. Nf3 e4 7. Nd4 Nb6 8. d3
c5 9. Nc2 d5 10. Nc3 d4 11. Nb5 a6 12. Nba3 exd3 13. Bxd3 Bd6 14. O-O O-O
15. exd4 cxd4 16. Bxd4 Bxa3 17. Bxf6 Rxf6 18. Nxa3 Rd6 19. Rf3 Rd4 20. Qc2
Be6 21. Rd1 g6 22. Nb1 Nc8 23. Nc3 Ne7 24. Ne2 Rd7 25. Re3 Bf7 26. Nc3 Nc6
27. Be2 Nd4 28. Qb2 Nxe2+ 29. Qxe2 Rxd1+ 30. Nxd1 b5 31. cxb5 axb5 32. Nc3
b4 33. Na4 Qc7 34. g3 Rd8 35. Re7 Qc1+ 36. Kg2 Rd2 37. Kf2 Rxe2+ 38. Rxe2
Kf8 39. Nb6 Qc5+ 40. Kg2 Qxb6 41. Rd2 Qe3 42. Rf2 Ke7 43. Rf1 Qe4+ 44. Kh3
Bd5 45. Rf2 Qe3 46. Rb2 Qc3 47. Re2+ Kf7 48. Kh4 Bxb3 49. axb3 Qxb3 50. h3
Qc3 51. g4 b3 52. g5 b2 53. Re7+ Kf8 54. Rf7+ Ke8 55. Rf8+ Kd7 56. Rf7+ Kd6
57. Rd7+ Ke6 58. Re7+ Kd5 59. Rd7+ Ke4 60. Rd4+ Kf3 61. Rd3+ Qxd3
{White stalemated}
1/2-1/2

[Event "ICC Open 2015"]
[Site "Internet Chess Club"]
[Date "2015.05.29"]
[Round "6"]
[White "whynotchess960"]
[Black "Parsifal"]
[Result "0-1"]
[ICCResult "White resigns"]
[WhiteElo "1995"]
[BlackElo "2405"]
[Opening "Ruy Lopez: classical defense, Benelux variation"]
[ECO "C64"]
[NIC "RL.01"]
[Time "15:02:57"]
[TimeControl "180+0"]

1. e4 e5 2. Nf3 Nc6 3. Bb5 Bc5 4. c3 Nf6 5. O-O O-O 6. d4 Bb6 7. Bxc6 bxc6
8. Nxe5 Nxe4 9. Qf3 f5 10. Nd2 Ng5 11. Qd3 Qe8 12. Ndf3 Ne4 13. Ng5 Nxg5 14.
Bxg5 d6 15. Nf3 f4 16. Rfe1 Qh5 17. Be7 Rf5 18. Qc4+ Qf7 19. Qxc6 Rb8 20.
Bh4 Bb7 21. Qa4 Bxf3 22. gxf3 g5 23. Kh1 Kh8 24. Rg1 Qd5 25. Qd7 Qxf3+ 26.
Rg2 Rbf8 27. Rg1 R5f7 28. Qe6 gxh4 29. Qh6 h3 {White resigns} 0-1

[Event "ICC Open 2015"]
[Site "Internet Chess Club"]
[Date "2015.05.29"]
[Round "6"]
[White "Mardaker"]
[Black "Danya"]
[Result "0-1"]
[ICCResult "White resigns"]
[WhiteElo "2739"]
[BlackElo "3052"]
[Opening "Réti: King's Indian attack"]
[ECO "A07"]
[NIC "QP.09"]
[Time "15:02:17"]
[TimeControl "180+0"]

1. Nf3 d5 2. g3 g6 3. Bg2 Bg7 4. c4 d4 5. O-O c5 6. d3 Nc6 7. e3 Nf6 8. exd4
cxd4 9. Re1 O-O 10. Nbd2 Nd7 11. a3 a5 12. Rb1 Nc5 13. Ne4 Nxe4 14. Rxe4 e5
15. b4 axb4 16. axb4 Bf5 17. Re1 Qc7 18. b5 Nb8 19. Nh4 Bc8 20. Nf3 Nd7 21.
Ng5 Nc5 22. Ne4 Na4 23. Ba3 Rd8 24. Qb3 Bf5 25. b6 Qxb6 26. Qxb6 Nxb6 27.
Be7 Rd7 28. Nf6+ Bxf6 29. Bxf6 Nxc4 30. Rxb7 Rxb7 31. Bxb7 Rb8 32. Be4 Nd2
33. Bxe5 Bxe4 34. Bxb8 Nf3+ 35. Kf1 Bxd3+ 36. Re2 Nxh2+ 37. Ke1 Nf3+ 38. Kd1
Bxe2+ 39. Kxe2 Ng5 40. Kd3 Ne6 41. Be5 f5 42. Bxd4 Nxd4 43. Kxd4 Kf7 44. Ke5
Ke7 45. f3 h6 46. g4 fxg4 47. fxg4 Kf7 48. g5 hxg5 49. Kd5 Kf6 50. Kd4 Kf5
51. Ke3 Kg4 52. Kf2 Kh3 53. Kg1 g4 54. Kh1 Kg3 55. Kg1 Kf3 56. Kf1 g3 57.
Kg1 g2 58. Kh2 Kf2 {White resigns} 0-1

[Event "ICC Open 2015"]
[Site "Internet Chess Club"]
[Date "2015.05.29"]
[Round "6"]
[White "saya"]
[Black "eddington"]
[Result "1-0"]
[ICCResult "Black checkmated"]
[WhiteElo "2637"]
[BlackElo "2121"]
[Opening "QGD: classical variation (5.Bf4)"]
[ECO "D37"]
[NIC "QO.04"]
[Time "15:02:19"]
[TimeControl "180+0"]

1. d4 d5 2. c4 e6 3. Nf3 Nf6 4. Nc3 Be7 5. Bf4 O-O 6. e3 Nbd7 7. c5 Nh5 8.
Be5 b6 9. c6 Nxe5 10. Nxe5 Nf6 11. a3 a5 12. Bb5 Bd6 13. O-O Ba6 14. a4 Bb4
15. Ne2 Ne4 16. f3 Nd6 17. Qd3 Bxb5 18. axb5 f6 19. Ng4 a4 20. e4 f5 21.
exf5 exf5 22. Ne3 Nc8 23. Nf4 Ne7 24. Ne6 Qd6 25. Nxf8 Rxf8 26. Rxa4 f4 27.
Ng4 Nf5 28. Kh1 h5 29. Ne5 Ne3 30. Nd7 Rf5 31. Ra8+ Kh7 32. Rf8 Qxf8 33.
Nxf8+ Bxf8 34. Re1 g6 35. Rxe3 fxe3 36. Qxe3 Bd6 37. Qe6 Kg7 38. Kg1 Rf7 39.
Qxd5 Re7 40. Kf2 Rf7 41. g3 Re7 42. f4 Rf7 43. Qe6 Re7 44. Qc8 Rf7 45. Kf3
Be7 46. Qxc7 Bf6 47. Qxb6 Re7 48. Qc5 Re1 49. b6 Rf1+ 50. Kg2 Rb1 51. c7
Rxb2+ 52. Kf3 Rb3+ 53. Ke4 Bxd4 54. Qxd4+ Kh6 55. c8=Q Rd3 56. Qdh8#
{Black checkmated}
1-0

[Event "ICC Open 2015"]
[Site "Internet Chess Club"]
[Date "2015.05.29"]
[Round "6"]
[White "Dlugy"]
[Black "olimpus"]
[Result "1-0"]
[ICCResult "Black resigns"]
[WhiteElo "3046"]
[BlackElo "2766"]
[Opening "Modern defense: Averbakh system"]
[ECO "A40"]
[NIC "KF.04"]
[Time "15:02:47"]
[TimeControl "180+0"]

1. d4 g6 2. c4 Bg7 3. e4 d6 4. Nc3 e5 5. Nf3 exd4 6. Nxd4 Nc6 7. Be3 Nge7 8.
h4 h5 9. Be2 O-O 10. Qd2 f5 11. Nxc6 Nxc6 12. O-O-O Ne5 13. Bg5 Bf6 14. Nd5
Bxg5 15. hxg5 fxe4 16. Nf6+ Rxf6 17. gxf6 Qxf6 18. Qd5+ Be6 19. Qxe4 Qxf2
20. Rdf1 Qg3 21. Rf6 Qg5+ 22. Qf4 Qxf4+ 23. Rxf4 Kg7 24. b3 b6 25. Kd2 a5
26. a4 Re8 27. g3 Bd7 28. Rhf1 Re7 29. Bd1 Bh3 30. R1f2 g5 31. Rd4 Bg4 32.
Bxg4 hxg4 33. Re4 Kg6 34. Ke3 Rh7 35. Kd4 Rh1 36. Kd5 Rg1 37. Re3 Nf3 38.
Kc6 Rxg3 39. Kxc7 Rh3 40. Kxb6 g3 41. Rg2 g4 42. Kxa5 Kg5 43. b4 Kf4 44.
Ree2 Nh4 45. Rg1 g2 46. b5 Kf3 47. Rd2 Rh1 48. Rdxg2 {Black resigns} 1-0

[Event "ICC Open 2015"]
[Site "Internet Chess Club"]
[Date "2015.05.29"]
[Round "6"]
[White "VerdeNotte"]
[Black "maly"]
[Result "0-1"]
[ICCResult "White checkmated"]
[WhiteElo "2932"]
[BlackElo "2680"]
[Opening "Sicilian: closed, 2...Nc6"]
[ECO "B23"]
[NIC "SI.44"]
[Time "15:01:36"]
[TimeControl "180+0"]

1. e4 c5 2. Nc3 Nc6 3. Bb5 Nd4 4. Nf3 Nxb5 5. Nxb5 d6 6. d4 a6 7. Nc3 cxd4
8. Qxd4 e5 9. Qd3 Nf6 10. Bg5 Be7 11. O-O-O O-O 12. Bxf6 Bxf6 13. Qxd6 Qa5
14. Nd5 Be6 15. Nxf6+ gxf6 16. a3 Rac8 17. Qd2 Qa4 18. Kb1 Qxe4 19. Rhe1 Qg6
20. Re3 Rxc2 21. Qxc2 Bf5 22. Rdd3 Bxd3 23. Qxd3 Qxd3+ 24. Rxd3 e4 25. Re3
exf3 26. Rxf3 Kg7 27. Rg3+ Kh6 28. Kc2 Re8 29. Kd2 Re7 30. a4 f5 31. Re3
Rd7+ 32. Rd3 Rc7 33. Rc3 Rd7+ 34. Rd3 Rc7 35. Rd6+ Kg5 36. Rb6 f4 37. a5 f5
38. f3 h5 39. b4 Kh4 40. Kd3 Rg7 41. Kd4 Rxg2 42. Ke5 Rxh2 43. Kxf4 Rc2 44.
Rxb7 Rc4+ 45. Ke3 Kg3 46. Rg7+ Kh3 47. b5 axb5 48. a6 f4+ 49. Kd3 Ra4 50. a7
h4 51. Kc3 Kh2 52. Kd3 h3 53. Ke2 Kh1 54. Kf2 Ra2+ 55. Kf1 Ra1+ 56. Kf2 Ra2+
57. Kf1 Ra1+ 58. Ke2 Ra2+ 59. Kd3 h2 60. Ke4 b4 61. Kxf4 b3 62. Rb7 b2 63.
Rxb2 Rxa7 64. Kg3 Rg7+ 65. Kf2 Rg2+ 66. Ke3 Rxb2 67. f4 Rb3+ 68. Kd2 Rb7 69.
Ke3 Rf7 70. Kf3 Kg1 71. Kg4 h1=Q 72. Kg5 Qg2+ 73. Kh6 Qd5 74. f5 Qe5 75. f6
Qxf6+ 76. Kh5 Qf5+ 77. Kh4 Rh7+ 78. Kg3 Rh3# {White checkmated} 0-1

[Event "ICC Open 2015"]
[Site "Internet Chess Club"]
[Date "2015.05.29"]
[Round "6"]
[White "onti"]
[Black "altoming"]
[Result "1-0"]
[ICCResult "Black forfeits on time"]
[WhiteElo "1466"]
[BlackElo "1712"]
[Opening "Scandinavian (center counter) defense"]
[ECO "B01"]
[NIC "SD.02"]
[Time "15:01:45"]
[TimeControl "180+0"]

1. e4 d5 2. exd5 Qxd5 3. Nc3 Qd8 4. Bc4 Nf6 5. Nf3 e6 6. d4 Be7 7. Be3 O-O
8. O-O c6 9. a3 b5 10. Bd3 a5 11. Ng5 b4 12. axb4 Bxb4 13. Nce4 Nbd7 14. c3
Be7 15. Qc2 h6 16. Nxf6+ Nxf6 17. Ne4 Nxe4 18. Bxe4 Bb7 19. f4 Qc7 20. f5
exf5 21. Bxf5 Bd6 22. Rf3 c5 23. Rh3 cxd4 24. Bxd4 Be5 25. Be3 Qc6 26. Bh7+
Kh8 27. Bxh6 gxh6 28. Rxh6 {Black forfeits on time} 1-0

[Event "ICC Open 2015"]
[Site "Internet Chess Club"]
[Date "2015.05.29"]
[Round "6"]
[White "BlackHorse97"]
[Black "RLH2"]
[Result "1-0"]
[ICCResult "Black checkmated"]
[WhiteElo "2436"]
[BlackElo "2877"]
[Opening "Modern defense"]
[ECO "A40"]
[NIC "KI.75"]
[Time "15:02:32"]
[TimeControl "180+0"]

1. d4 g6 2. c4 Bg7 3. Nf3 d6 4. g3 Nf6 5. Bg2 O-O 6. O-O c6 7. Nc3 d5 8.
cxd5 cxd5 9. Ne5 Nc6 10. f4 Bf5 11. Be3 Rc8 12. Rc1 Na5 13. Bf2 Nc4 14. Nxc4
Rxc4 15. Nxd5 Rxc1 16. Nxf6+ Bxf6 17. Qxc1 Bxd4 18. e4 Be6 19. Qd2 Bxf2+ 20.
Qxf2 b6 21. b3 Qd6 22. h3 f6 23. Re1 Bf7 24. e5 fxe5 25. Rxe5 Rd8 26. Qe2
Qd1+ 27. Kh2 Qxe2 28. Rxe2 Kf8 29. Rc2 Be6 30. Bf3 Rd3 31. Kg2 Kf7 32. Bg4
Bd5+ 33. Kf2 Be4 34. Be2 Rd7 35. Rc4 Bb1 36. a3 Ba2 37. Rc3 Rd2 38. Ke3 Rb2
39. b4 Be6 40. h4 h5 41. Bf3 Bf5 42. Be4 Bxe4 43. Kxe4 e6 44. Rc7+ Kf6 45.
Rxa7 Rb3 46. Ra6 Rxg3 47. Rxb6 Rxa3 48. Rb8 Rh3 49. b5 Rxh4 50. b6 g5 51. b7
Rxf4+ 52. Ke3 Rb4 53. Rf8+ Ke5 54. b8=Q+ Rxb8 55. Rxb8 Kf5 56. Kf3 e5 57.
Rf8+ Kg6 58. Ke4 h4 59. Rg8+ Kh5 60. Kf5 Kh6 61. Rxg5 h3 62. Rg3 Kh5 63.
Rxh3# {Black checkmated} 1-0